 Dungeon Crawl Stone Soup version 0.20-a0-12-g90c15da (webtiles) character file.

1565 GlassEater the Blocker (level 9, -5/68 HPs)
             Began as a Formicid Fighter on Nov 2, 2016.
             Was a Priest of Dithmenos.
             Slain by an orc warrior
             ... wielding a +0 trident
              (17 damage)
             ... on level 6 of the Dungeon.
             The game lasted 00:18:25 (7138 turns).

GlassEater the Blocker (Formicid Fighter)           Turns: 7138, Time: 00:18:26

Health: -5/68      AC:  8    Str: 22    XL:     9   Next: 13%
Magic:  9/9        EV: 11    Int:  7    God:    Dithmenos [***...]
Gold:   200        SH: 11    Dex: 13    Spells: 0 memorised, 8 levels left

rFire  . . .     SeeInvis +     B - +3 flail
rCold  . . .     Gourm    .     b - +0 scale mail
rNeg   . . .     Faith    .     c - +0 shield
rPois  .         Spirit   .     (helmet unavailable)
rElec  .         Reflect  .     x - +0 cloak
rCorr  .         Harm     .     (no gloves)
MR     .....                    (no boots)
Stlth  +.........               y - amulet of magic regeneration
                                (no ring)
                                (no ring)

@: wreathed by umbra, drained
A: permanent stasis, dig shafts and tunnels, four strong arms, antennae 3
a: Dig, Shaft Self, Shadow Step, Renounce Religion


You were on level 6 of the Dungeon.
You worshipped Dithmenos.
Dithmenos was most pleased with you.
You were not hungry.

You visited 1 branch of the dungeon, and saw 6 of its levels.
You also visited: Ossuary.

You collected 200 gold pieces.

Inventory:

Hand Weapons
 B - a +3 flail (weapon)
Missiles
 z - 6 tomahawks
 A - 170 stones (quivered)
Armour
 a - a +0 ring mail
 b - a +0 scale mail (worn)
 c - a +0 shield (worn)
 r - a +0 leather armour
 x - a +0 cloak (worn)
Jewellery
 y - an amulet of magic regeneration (around neck)
Scrolls
 l - a scroll of noise {unknown}
 p - a scroll of fear {unknown}
 q - 2 scrolls of enchant weapon
 s - 2 scrolls of immolation {unknown}
 v - 2 scrolls of remove curse
 C - 2 scrolls of magic mapping {unknown}
 D - a scroll of amnesia
 G - 2 scrolls of random uselessness {unknown}
Potions
 e - 4 potions of curing
 h - 2 potions of cure mutation
 j - 2 potions of cancellation
 k - 2 potions of resistance
 m - a potion of lignification
 n - a potion of flight {unknown}
 o - a potion of agility
 w - a potion of ambrosia
 H - 2 potions of heal wounds
Books
 E - Uprepeaf's Catalogue of the Mountains
   (You found it on level 6 of the Dungeon)

   Spells                             Type                      Level
   a - Sandblast                      Earth                        1
   b - Stone Arrow                    Conjuration/Earth            3
   c - Petrify                        Transmutation/Earth          4
   d - Lee's Rapid Deconstruction     Earth                        5
   e - Statue Form                    Transmutation/Earth          6
Comestibles
 d - a beef jerky
 f - 3 bread rations
 g - 2 meat rations
 i - 2 slices of pizza
 t - a royal jelly
 u - 3 chunks of flesh


   Skills:
 + Level 5.5(5.1) Fighting
   Level 3.2(2.8) Short Blades
 + Level 1.5(1.2) Maces & Flails
 + Level 5.4(5.1) Armour
 + Level 3.9(3.6) Dodging
 - Level 3.1(2.7) Stealth
 - Level 9.0(8.6) Shields


You had 8 spell levels left.
You didn't know any spells.

Dungeon Overview and Level Annotations

Branches:
Dungeon (6/15)             Temple (0/1) D:5

Altars:
Dithmenos
Fedhas
Gozag
Ru
Trog

Shops:
D:5 :   D:6 [


Innate Abilities, Weirdness & Mutations

You are under a permanent stasis effect.
You can dig through walls and to a lower floor.
Your four strong arms can wield two-handed weapons with a shield.
You have a pair of large antennae on your head. (SInv)


Message History

You block the orc warrior's attack. The orc warrior barely misses you.
You completely miss the orc warrior.
The orc warrior is moderately wounded.
The orc warrior closely misses you.
You barely miss the orc warrior.
The orc warrior is moderately wounded.
The orc warrior hits you with a trident!
* * * LOW HITPOINT WARNING * * *
You sock the orc warrior!
The orc warrior is severely wounded.
The orc warrior hits you with a trident!
* * * LOW HITPOINT WARNING * * *
You sock the orc warrior!
The orc warrior is almost dead.
The orc warrior completely misses you.
You closely miss the orc warrior.
The orc warrior is almost dead.
You block the orc warrior's attack.
The orc warrior hits you with a trident!
You die...

#.#.# #..#... #.#.# #......
####.#.###### #.##.##
#.##.#......###.#....
##....#.......##.#..##
#.............##.....#
#.............##.....#
######....o........##.....#
#.......##@##......##.....#
#.##.......##......##.....#
#.##.####.###......##.....#
#.##........+......##.....'
##.#######.###.....###.....#
#........#.# #.....##......#
########.#.# ########.####.#
#.#.# #)####.# #.#.#
#)#.....


You could see an orc warrior.

Vanquished Creatures
  A sky beast (D:4)
  2 ogres
  Blork the orc (D:4)
  2 bullfrogs (D:6)
  A scorpion (D:5)
  4 wights (D:6)
  3 howler monkeys
  A crimson imp (D:5)
  A bullfrog zombie (D:5)
  A jelly (D:6)
  A hound (D:6)
  3 orc priests
  Natasha (D:2)
  4 worker ants
  4 big kobold zombies (Ossuary)
  A mummy (Ossuary)
  Robin (D:2)
  14 gnolls
  A howler monkey skeleton (D:5)
  5 adders
  A worm (D:2)
  A dart slug (D:3)
  2 leopard geckos (D:5)
  16 orcs
  3 spectral bats (Ossuary)
  3 bats
  3 giant cockroaches
  16 goblins
  9 hobgoblins
  17 jackals
  2 quokkas (D:3)
  A ball python (D:1)
  3 bat simulacra (Ossuary)
  6 frilled lizards
  A giant cockroach zombie (D:5)
  8 gnoll zombies (Ossuary)
  3 goblin simulacra (Ossuary)
  5 goblin zombies (Ossuary)
  4 hobgoblin zombies (Ossuary)
  4 kobolds
  6 kobold simulacra (Ossuary)
  A kobold zombie (Ossuary)
  A leopard gecko zombie (D:5)
  8 orc zombies (Ossuary)
  12 rats
  A rat simulacrum (Ossuary)
  A spectral goblin (Ossuary)
  2 spectral kobolds (Ossuary)
  2 spectral rats (Ossuary)
194 creatures vanquished.

Notes
Turn   | Place    | Note
-------+----------+-------------------------------------------
     0 | D:1      | GlassEater the Formicid Fighter began the quest for the Orb.
     0 | D:1      | Reached XP level 1. HP: 18/18 MP: 1/1
   165 | D:1      | Reached skill level 4 in Shields
   165 | D:1      | Reached XP level 2. HP: 24/24 MP: 2/2
   463 | D:1      | Reached XP level 3. HP: 25/29 MP: 3/3
   755 | D:1      | Reached skill level 5 in Shields
  1090 | D:2      | Noticed Robin
  1111 | D:2      | Killed Robin
  1111 | D:2      | Reached XP level 4. HP: 30/35 MP: 4/4
  1313 | D:2      | Reached skill level 6 in Shields
  1502 | D:2      | Noticed Natasha
  1517 | D:2      | Killed Natasha
  1517 | D:2      | Reached XP level 5. HP: 33/41 MP: 5/5
  1605 | D:2      | Found a blossoming altar of Fedhas.
  1763 | D:3      | Reached skill level 7 in Shields
  2230 | D:3      | Reached XP level 6. HP: 41/47 MP: 6/6
  2866 | D:4      | Found a shadowy altar of Dithmenos.
  3060 | D:4      | Became a worshipper of Dithmenos the Shadowed
  3080 | D:4      | Noticed Blork the orc
  3298 | D:4      | Killed Blork the orc
  3298 | D:4      | Reached skill level 8 in Shields
  3379 | D:4      | Noticed a sky beast
  3416 | D:4      | Killed a sky beast
  3416 | D:4      | Reached skill level 9 in Shields
  3416 | D:4      | Reached XP level 7. HP: 25/52 MP: 7/7
  3683 | D:4      | Gained mutation: You are somewhat resistant to further mutation. [potion of mutation]
  3683 | D:4      | Gained mutation: Your magical capacity is low. (-10% MP) [potion of mutation]
  3684 | D:4      | Lost mutation: You are somewhat resistant to further mutation. [potion of cure mutation]
  3684 | D:4      | Lost mutation: Your magical capacity is low. (-10% MP) [potion of cure mutation]
  3793 | D:4      | Found a sacrificial altar of Ru.
  3848 | D:4      | Reached skill level 1 in Dodging
  3848 | D:4      | Reached skill level 1 in Stealth
  4340 | D:5      | Entered Level 5 of the Dungeon
  4452 | D:5      | Got a thick robe
  4463 | D:5      | Identified the +2 robe "Okar" {Int+2} (You found it on level 5 of the Dungeon)
  4488 | D:5      | Found a staircase to the Ecumenical Temple.
  4525 | D:5      | Found a sand-covered staircase.
  4529 | Ossuary  | Entered an ossuary
  4653 | Ossuary  | Reached * piety under Dithmenos
  4777 | Ossuary  | Reached XP level 8. HP: 52/60 MP: 8/8
  5071 | Ossuary  | Reached ** piety under Dithmenos
  5426 | D:5      | Found Nyoroarch's Book Boutique.
  5554 | D:5      | Found an opulent altar of Gozag.
  5999 | D:5      | Found a bloodstained altar of Trog.
  6374 | D:6      | Reached skill level 5 in Fighting
  6602 | D:6      | Found Jial's Antique Armour Emporium.
  6611 | D:6      | Reached skill level 5 in Armour
  6684 | D:6      | Reached XP level 9. HP: 65/68 MP: 9/9
  6705 | D:6      | Reached skill level 1 in Maces & Flails
  7009 | D:6      | Identified Uprepeaf's Catalogue of the Mountains
  7126 | D:6      | Reached *** piety under Dithmenos
  7138 | D:6      | Slain by an orc warrior

Vault maps used:
D:1:      minmay_arrival_plants_in_alcoves
D:2:      nicolae_overflow_hidden_temple, uniq_natasha, uniq_robin
D:3:      lemuel_upstairs_altar
D:4:      grunt_dithmenos_smoke, hangedman_ru_absence, uniq_blork_the_orc
D:5:      nicolae_gozag_cash_rules_everything_around_me, serial_shops,
          nicolae_shop_trees, enter_ossuary_5, first_bread, trog_book
D:6:      serial_shops, nicolae_shop_overgrown_old_shop
Ossuary:  ossuary_zaba_two_paths

Skill      XL: |  1  2  3  4  5  6  7  8  9 |
---------------+----------------------------+-----
Shields        | 4 5 6 7 9 |  9.0
Dodging        | 1 3 |  3.9
Stealth        | 2 3 |  3.1
Short Blades   | 3 |  3.2
Fighting       | 5 |  5.5
Armour         | 5 |  5.4
Maces & Flails | 1 |  1.5

Action                   |  1- 3 |  4- 6 |  7- 9 || total
-------------------------+-------+-------+-------++-------
Melee: Rapier            |   114 |       |       ||   114
       Dagger            |    24 |   218 |   535 ||   777
       Flail             |       |       |    63 ||    63
  Use: Scroll            |       |     7 |     6 ||    13
       Potion            |       |     1 |     2 ||     3
  Eat: Chunk             |     1 |     7 |     9 ||    17
       Bread ration      |       |       |     1 ||     1
Armor: Scale mail        |    53 |    47 |    95 ||   195
Dodge: Dodged            |    48 |    39 |   173 ||   260
Block: Shield            |    78 |    91 |   238 ||   407
